 Dungeon Crawl Stone Soup version 0.16-a0-3943-gb4b81e6 (webtiles) character file.

137 Impoz the Bolt Thrower (level 5, -1/42 HPs)
             Began as a Formicid Hunter on Feb 8, 2015.
             Slain by chipmonk's ghost (4 damage)
             ... on level 3 of the Dungeon.
             The game lasted 00:10:16 (2207 turns).

Impoz the Bolt Thrower (Formicid Hunter)            Turns: 2207, Time: 00:10:16

Health: -1/42      AC:  3    Str: 17    XL:     5   Next: 43%
Magic:  7/7        EV: 11    Int: 10    God:
Gold:   53         SH:  3    Dex: 12    Spells: 0 memorised, 4 levels left

rFire  x . .     SeeInvis +     u - +0 great sword
rCold  + . .     Clarity  .     d - +0 leather armour
rNeg   . . .     SustAb   .     y - +0 buckler
rPois  .         Gourm    .     (helmet unavailable)
rElec  .         Spirit   .     (no cloak)
rCorr  .         Warding  .     (no gloves)
rMut   .         Stasis   +     (no boots)
MR     .....                    (no amulet)
Stlth  +.........               v - ring of ice
                                q - ring of wizardry

@: not resistant to hostile enchantments, very unstealthy
A: permanent stasis, dig shafts and tunnels, four strong arms, antennae 3
a: Dig, Shaft Self


You were on level 3 of the Dungeon.
You were not hungry.

You visited 1 branch of the dungeon, and saw 3 of its levels.

You collected 53 gold pieces.

Inventory:

Hand weapons
 a - a +0 short sword
 b - a +1 hand crossbow
 n - a +1 dagger of speed
 u - a +0 great sword (weapon)
Missiles
 c - 28 bolts
 j - 27 arrows
Armour
 d - a +0 leather armour (worn)
 y - a +0 buckler (worn)
Jewellery
 q - a ring of wizardry (left hand)
 v - a ring of ice (right hand)
Magical devices
 o - a wand of teleportation (3)
Scrolls
 g - a scroll of identify {unknown}
 i - a scroll of enchant armour {unknown}
 k - a scroll of noise {unknown}
 l - 3 scrolls of remove curse {unknown}
 r - a scroll of magic mapping {unknown}
 s - 5 scrolls of random uselessness {unknown}
 t - a scroll of teleportation {unknown}
Potions
 e - a potion of brilliance {unknown}
 m - a potion of curing
 p - a potion of degeneration {unknown}
 w - 2 potions of poison {unknown}
 x - a potion of heal wounds {unknown}
 z - a potion of lignification {unknown}
 A - a potion of resistance {unknown}
Comestibles
 f - 5 bread rations
 h - 4 meat rations


   Skills:
 + Level 4.0 Fighting
 + Level 1.0 Long Blades
 + Level 5.2 Crossbows
 - Level 2.0 Dodging
 - Level 1.2 Stealth


You had 4 spell levels left.
You didn't know any spells.

Dungeon Overview and Level Annotations

Branches:
Dungeon (3/15)

Altars:
Elyvilon
Ru
Xom
Zin
The Shining One

Annotations:
D:3 chipmonk's ghost, weakling MfGl


Innate Abilities, Weirdness & Mutations

You are under a permanent stasis effect.
You can dig through walls and to a lower floor.
Your four strong arms can wield two-handed weapons with a shield.
You have a pair of large antennae on your head (SInv).


Message History

The bat completely misses you. Chipmonk's ghost closely misses you.
Your shield prevents you from hitting chipmonk's ghost.
The bat closely misses you. x2
Chipmonk's ghost closely misses you.
You closely miss chipmonk's ghost. The bat misses you.
The bat barely misses you. Chipmonk's ghost hits you.
Chipmonk's ghost misses you.
You closely miss chipmonk's ghost. The bat hits you but does no damage.
The bat hits you but does no damage.
Chipmonk's ghost hits you but does no damage.
You closely miss chipmonk's ghost. The bat misses you.
The bat hits you but does no damage. You block chipmonk's ghost's attack.
Chipmonk's ghost closely misses you.
You hit chipmonk's ghost.
Chipmonk's ghost is lightly damaged.
The bat hits you but does no damage. x2
Chipmonk's ghost hits you!
* * * LOW HITPOINT WARNING * * *
Chipmonk's ghost hits you.
You die...

##.#...#.#######.......##
#.# #...###.# #####.#÷.#
#.# ###.# #.# #.(#.# #.#
..# #.# ##(#.####.#
########.#
########)#......#
.........#
#......#).#†#####
.#######.#
#......##.#..## ###
##......)......#
#...@W..#######.#
#..b...#..≈≈≈..#.#
#.....#..≈...≈..#.#
#b...#..(≈._.≈.. #.
#.....#..≈...≈..
#......#..≈≈≈..#
######'.####### #W# #.


You could see chipmonk's ghost and 2 bats.

Vanquished Creatures
  A jelly (D:1)
  2 adders
  3 worms
  A giant gecko (D:1)
  3 oozes (D:1)
  5 orcs (D:3)
  8 giant cockroaches
  A hobgoblin (D:1)
  A ball python (D:2)
  6 bats
  5 giant newts
  4 goblins
  3 jackals (D:1)
  6 kobolds
  8 rats (D:1)
57 creatures vanquished.

Notes
Turn   | Place    | Note
--------------------------------------------------------------
     0 | D:1      | Impoz, the Formicid Hunter, began the quest for the Orb.
     0 | D:1      | Reached XP level 1. HP: 16/16 MP: 1/1
     1 | D:1      | Found a runed door.
     2 | D:1      | Noticed a jelly
   158 | D:1      | Reached XP level 2. HP: 20/22 MP: 3/3
   860 | D:1      | Reached XP level 3. HP: 15/28 MP: 4/4
   873 | D:1      | Killed a jelly
   873 | D:1      | Reached XP level 4. HP: 18/35 MP: 5/5
   887 | D:1      | Reached skill level 5 in Crossbows
  1090 | D:2      | Found a shimmering altar of Xom.
  1152 | D:2      | Found a glowing golden altar of the Shining One.
  1337 | D:2      | Reached XP level 5. HP: 39/41 MP: 7/7
  1376 | D:2      | Found a white marble altar of Elyvilon.
  1623 | D:2      | Found a glowing silver altar of Zin.
  1624 | D:2      | Noticed an angel
  1954 | D:3      | Reached skill level 1 in Long Blades
  2141 | D:3      | Found a sacrificial altar of Ru.
  2142 | D:3      | Noticed chipmonk's ghost (weakling MfGl)
  2207 | D:3      | Slain by chipmonk's ghost

Action                   |  1- 3 |  4- 6 || total
-------------------------+-------+-------++-------
Melee: Great sword       |       |    83 ||    83
 Fire: Hand crossbow     |    55 |    34 ||    89
Evoke: Wand              |       |     1 ||     1
  Use: Potion            |       |     1 ||     1
 Stab: Distracted        |       |     1 ||     1
  Eat: Chunk             |       |     4 ||     4
